 Dungeon Crawl Stone Soup version 0.29.0-4-gdea44cf6ec (webtiles) character file.

Game seed: 17189108680965674342

28 qw the Caller (level 3, -2/28 HPs)
             Began as a Ghoul Summoner on Sept 9, 2022.
             Slain by a gnoll
             ... wielding a +0 club
              (6 damage)
             ... on level 2 of the Dungeon.
             The game lasted 00:00:33 (1733 turns).

qw the Caller (Ghoul Summoner)                      Turns: 1733, Time: 00:00:34

Health: -2/28      AC:  2    Str: 13    XL:     3   Next: 14%
Magic:  0/4        EV: 12    Int: 10    God:
Gold:   61         SH:  0    Dex:  9    Spells: 4/5 levels left

rFire   . . .      SeeInvis .   Y - +0 mace
rCold   + . .      Faith    .   (no shield)
rNeg    + + +      Spirit   .   a - +0 robe
rPois   inf        Reflect  .   (no helmet)
rElec   .          Harm     .   (no cloak)
rCorr   .          Rampage  .   (no gloves)
Will    .....                   (no boots)
Stlth   ++........              (no amulet)
HPRegen 0.00/turn               (no ring)
MPRegen 0.09/turn               (no ring)

@: inhibited regen
A: claws 1, cold resistance 1, negative energy resistance 3, inhibited
regeneration, torment resistance 2, devour on kill
a: no special abilities


You were on level 2 of the Dungeon.
You visited 1 branch of the dungeon, and saw 2 of its levels.

You collected 61 gold pieces.


Innate Abilities, Weirdness & Mutations

You are immune to poison.
You have sharp fingernails.
Your flesh is cold resistant. (rC+)
You are immune to negative energy. (rN+++)
You do not regenerate when monsters are visible.
You are immune to unholy pain and torment.
You thrive by killing the living.


   Skills:
 + Level 1.1 Fighting
 - Level 2.1 Axes
 - Level 1.7 Dodging
 - Level 2.1 Stealth
 - Level 1.7 Spellcasting
 - Level 3.6 Summonings


You had 4 spell levels left.
You knew the following spells:

 Your Spells              Type           Power      Damage    Failure   Level
a - Summon Small Mammal   Summ           32%        N/A       8%          1

Your spell library contained the following spells:

 Spells                   Type           Power      Damage    Failure   Level
 Call Imp                 Summ           8%         N/A       11%         2
 Call Canine Familiar     Summ           8%         N/A       22%         3
 Summon Guardian Golem    Hex/Summ       4%         N/A       43%         3
 Summon Lightning Spire   Summ/Air       4%         N/A       83%         4

Inventory:

Hand Weapons
 Y - a +0 mace (weapon)
Armour
 a - a +0 robe (worn)
Scrolls
 b - a scroll of identify
Potions
 g - 2 potions of might
 h - a potion of attraction {unknown}

Dungeon Overview and Level Annotations

Branches:
Dungeon (2/15)

Altars:

Shops:
D:2 [


Message History

The goblin hits you with a +0 dagger.
1726 ||| CASTING Summon Small Mammal
Casting: Summon Small Mammal (safe; 8% risk of failure)
Confirm with . or Enter, or press ? or * to list all spells.
The gnoll shouts!
The gnoll barely misses you. The goblin barely misses you.
1727 ||| Stepping ~*~*~tactically~*~*~ (outnumbered).
The gnoll attacks as you move away! The gnoll completely misses you.
Your bat closely misses the goblin.
The goblin barely misses you.
1728 ||| Stepping ~*~*~tactically~*~*~ (outnumbered).
The goblin attacks as you move away! The goblin barely misses you.
Your bat barely misses the goblin.
The gnoll misses your bat. The kobold barely misses your bat.
The goblin closely misses your bat.
Your bat hits the goblin. The gnoll misses your bat.
The kobold completely misses your bat. The goblin closely misses your bat.
Your bat hits the gnoll but does no damage.
You barely miss the gnoll. Your bat hits the goblin.
The gnoll hits you with a +0 club.
Your bat hits the kobold but does no damage.
The kobold hits you with a +0 whip. The gnoll closely misses you.
Your bat hits the gnoll.
1731 ||| Stepping ~*~*~tactically~*~*~ (outnumbered).
Your bat barely misses the kobold.
Your bat hits the kobold but does no damage.
The giant cockroach waves its antennae.
The kobold completely misses your bat.
Your bat hits the kobold. You completely miss the gnoll.
The gnoll is lightly wounded.
Your bat hits the kobold. Your bat misses the kobold.
The giant cockroach waves its antennae.
Your bat closely misses the gnoll.
The gnoll hits you with a +0 club. The gnoll misses you.
The kobold closely misses your bat.
Your bat barely misses the kobold.
You hit the gnoll.
The gnoll is heavily wounded.
Your bat closely misses the kobold.
Your bat closely misses the gnoll. x2
The kobold misses your bat. The gnoll misses you.
The gnoll hits you from afar with a +0 spear.
The gnoll hits you with a +0 club.
You die...

... #. #.#
#.##.# #.##.# ..
#.##.# #..
#.##.# #.##
#.##B#####
...##...g.g@.###
#..#.)>ggKb...#
#.#.##.###.#.#
+...##.# .# #
##.g.##.# .# #
###..#...\....#
#
#...##..#..##.#
## ##.####..##.#
.# .###.........
..


You could see 3 gnolls, a giant cockroach, a goblin (ally target), a kobold and
a friendly bat (summoned).

Vanquished Creatures
  A gnoll (D:2)
  3 bats (D:1)
  An endoplasm (D:1)
  A hobgoblin (D:1)
  A frilled lizard (D:1)
  2 kobolds
9 creatures vanquished.

Vanquished Creatures (collateral kills)
  2 ball pythons (D:1)
  A giant cockroach (D:1)
  2 goblins (D:1)
  A hobgoblin (D:1)
  4 rats
10 creatures vanquished.

Grand Total: 19 creatures vanquished

Notes
Turn   | Place    | Note
-------+----------+-------------------------------------------
     0 | D:1      | qw the Ghoul Summoner began the quest for the Orb.
     0 | D:1      | Reached XP level 1. HP: 14/14 MP: 2/2
     0 | D:1      | 0 ||| qw: Version: 0.1-a-113-g051387a
     0 | D:1      | 0 ||| qw: Game counter: 7047
     0 | D:1      | 0 ||| qw: Always use a shield: true
     0 | D:1      | 0 ||| qw: God list: Okawaru
     0 | D:1      | 0 ||| qw: Allow faded altars: false
     0 | D:1      | 0 ||| qw: Do Orc after D:15 true
     0 | D:1      | 0 ||| qw: Do second Lair branch before Depths: true
     0 | D:1      | 0 ||| qw: Lair rune preference: random
     0 | D:1      | 0 ||| qw: Plans: Normal
     0 | D:1      | 0 ||| PLANNING D:1-11
    55 | D:1      | 55 ||| CASTING Summon Small Mammal
    56 | D:1      | 56 ||| CASTING Summon Small Mammal
   111 | D:1      | 111 ||| CASTING Summon Small Mammal
   112 | D:1      | 112 ||| CASTING Summon Small Mammal
   137 | D:1      | 137 ||| CASTING Summon Small Mammal
   138 | D:1      | 138 ||| CASTING Summon Small Mammal
   145 | D:1      | Reached skill level 1 in Axes
   254 | D:1      | Found a faded altar of an unknown god.
   283 | D:1      | 283 ||| CASTING Summon Small Mammal
   284 | D:1      | 284 ||| CASTING Summon Small Mammal
   296 | D:1      | 296 ||| CASTING Summon Small Mammal
   303 | D:1      | HP: 2/15 [kobold/+0 dagger (4)]
   544 | D:1      | 544 ||| Wielding weapon +0 dagger.
   563 | D:1      | 563 ||| CASTING Summon Small Mammal
   564 | D:1      | 564 ||| CASTING Summon Small Mammal
   567 | D:1      | Reached XP level 2. HP: 22/22 MP: 0/3
   614 | D:1      | 614 ||| CASTING Summon Small Mammal
   615 | D:1      | 615 ||| CASTING Summon Small Mammal
   616 | D:1      | 616 ||| CASTING Summon Small Mammal
   620 | D:1      | Reached skill level 1 in Fighting
   656 | D:1      | 656 ||| CASTING Summon Small Mammal
   657 | D:1      | 657 ||| CASTING Summon Small Mammal
   658 | D:1      | 658 ||| CASTING Summon Small Mammal
   668 | D:1      | 668 ||| CASTING Summon Small Mammal
   708 | D:1      | 708 ||| SWAPPING to +0 club.
   709 | D:1      | 709 ||| DROPPING +0 dagger.
   733 | D:1      | 733 ||| SWAPPING to +0 mace.
   734 | D:1      | 734 ||| CASTING Summon Small Mammal
   735 | D:1      | 735 ||| CASTING Summon Small Mammal
   736 | D:1      | 736 ||| CASTING Summon Small Mammal
   771 | D:1      | 771 ||| DROPPING +0 club.
   781 | D:1      | 781 ||| CASTING Summon Small Mammal
   782 | D:1      | 782 ||| CASTING Summon Small Mammal
   783 | D:1      | 783 ||| CASTING Summon Small Mammal
   792 | D:1      | 792 ||| CASTING Summon Small Mammal
   896 | D:1      | 896 ||| CASTING Summon Small Mammal
   897 | D:1      | 897 ||| CASTING Summon Small Mammal
   898 | D:1      | 898 ||| CASTING Summon Small Mammal
  1017 | D:1      | 1017 ||| CASTING Summon Small Mammal
  1018 | D:1      | 1018 ||| CASTING Summon Small Mammal
  1019 | D:1      | 1019 ||| CASTING Summon Small Mammal
  1159 | D:1      | 1159 ||| CASTING Summon Small Mammal
  1160 | D:1      | 1160 ||| CASTING Summon Small Mammal
  1161 | D:1      | 1161 ||| CASTING Summon Small Mammal
  1171 | D:1      | 1171 ||| CASTING Summon Small Mammal
  1405 | D:1      | 1405 ||| CASTING Summon Small Mammal
  1406 | D:1      | 1406 ||| CASTING Summon Small Mammal
  1407 | D:1      | 1407 ||| CASTING Summon Small Mammal
  1416 | D:1      | 1416 ||| CASTING Summon Small Mammal
  1512 | D:1      | 1512 ||| READING scroll labelled LISIUKLAVOQ.
  1513 | D:1      | 1513 ||| READING scroll labelled XIALLA CUORHYN.
  1514 | D:1      | 1514 ||| READING scroll labelled LUNUKH SUAF.
  1515 | D:1      | 1515 ||| READING scroll labelled YHUSSOESEB.
  1516 | D:1      | 1516 ||| READING scroll labelled UKURAV BEFI.
  1517 | D:1      | 1517 ||| DRINKING 3 white potions.
  1518 | D:1      | 1518 ||| DROPPING potion of magic.
  1582 | D:2      | 1582 ||| CASTING Summon Small Mammal
  1583 | D:2      | 1583 ||| STAIRDANCE
  1596 | D:2      | 1596 ||| CASTING Summon Small Mammal
  1597 | D:2      | 1597 ||| CASTING Summon Small Mammal
  1598 | D:2      | 1598 ||| CASTING Summon Small Mammal
  1602 | D:2      | 1602 ||| STAIRDANCE
  1712 | D:2      | Found Momuc's Antique Armour Shop.
  1714 | D:2      | 1714 ||| CASTING Summon Small Mammal
  1715 | D:2      | 1715 ||| CASTING Summon Small Mammal
  1716 | D:2      | 1716 ||| Stepping ~*~*~tactically~*~*~ (stealth).
  1717 | D:2      | 1717 ||| CASTING Summon Small Mammal
  1721 | D:2      | 1721 ||| Stepping ~*~*~tactically~*~*~ (outnumbered).
  1722 | D:2      | 1722 ||| Stepping ~*~*~tactically~*~*~ (hiding).
  1723 | D:2      | 1723 ||| Stepping ~*~*~tactically~*~*~ (hiding).
  1725 | D:2      | Reached XP level 3. HP: 22/28 MP: 0/4
  1725 | D:2      | 1725 ||| Stepping ~*~*~tactically~*~*~ (outnumbered).
  1726 | D:2      | 1726 ||| CASTING Summon Small Mammal
  1727 | D:2      | 1727 ||| Stepping ~*~*~tactically~*~*~ (outnumbered).
  1728 | D:2      | 1728 ||| Stepping ~*~*~tactically~*~*~ (outnumbered).
  1731 | D:2      | 1731 ||| Stepping ~*~*~tactically~*~*~ (outnumbered).
  1732 | D:2      | HP: 5/28 [gnoll/+0 club (4)]
  1733 | D:2      | Slain by a gnoll

Levels and vault maps discovered:
D:1:      dpeg_arrival_stone_temple_mockup, layout_loops_ring,
          chequers_ecumenical_altar_simple_redux
D:2:      cheibrodos_greedy_goblins, layout_loops_ring, basic_altar,
          serial_shops, shop, uniq_terence, uniq_crazy_yiuf_cottage

Skill      XL: |  1  2 |
---------------+-------+-----
Axes           | 1 2 |  2.1
Fighting       | 1 |  1.1
Dodging        | |  1.7
Stealth        | |  2.1
Spellcasting   | |  1.7
Summonings     | |  3.6

Action                   || total
-------------------------++-------
Melee: Unarmed           ||    23
       Mace              ||    27
       Dagger            ||     5
 Cast: Summon Small Mamm ||    42
  Use: Scroll            ||     5
       Potion            ||     1
Armor: Robe              ||    13
Dodge: Dodged            ||    49

Table legend:
 A = Non-vault XP
 B = Vault XP
 C = Vault XP percentage of total XP
 D = Non-vault monster count
 E = Vault monster count
 F = Vault count percentage of total count
                 A         B        C        D         E       F
            +---------+---------+-------+---------+---------+-------
      Total |      41 |       0 |   0.0 |      19 |       0 |   0.0
            +---------+---------+-------+---------+---------+-------
        D:1 |      25 |       0 |   0.0 |      16 |       0 |   0.0
        D:2 |      16 |       0 |   0.0 |       3 |       0 |   0.0
            +---------+---------+-------+---------+---------+-------
